 Dungeon Crawl Stone Soup version 0.27.0-66-gdc8fb28755 (webtiles) character file.

Game seed: 857449670958028765

5345 Malachi the Stinger (level 10, -1/63 HPs)
             Began as an Octopode Venom Mage on Aug 20, 2021.
             Was an Initiate of Gozag.
             Killed from afar by a steam dragon (16 damage)
             ... with a ball of steam
             ... on level 10 of the Dungeon.
             The game lasted 00:32:49 (14016 turns).

Malachi the Stinger (Octopode Venom Mage)          Turns: 14016, Time: 00:32:50

Health: -1/63      AC:  6    Str:  8    XL:     10   Next: 65%
Magic:  7/18       EV: 13    Int: 20    God:    Gozag
Gold:   1609       SH:  6    Dex: 13    Spells: 8/19 levels left

rFire    . . .     SeeInvis .   k - +1 short sword (elec)
rCold    . . .     Faith    .   t - +1 buckler {AC+3}
rNeg     . . .     Spirit   .   s - +2 hat
rPois    .         Reflect  .   (no amulet)
rElec    .         Harm     .   (no ring)
rCorr    .         Rampage  .   (no ring)
Will     +....                  (no ring)
Stlth    +++.......             (no ring)
HPRegen  0.20/turn              (no ring)
MPRegen  0.16/turn              (no ring)
                                (no ring)
                                (no ring)

@: no status effects
A: almost no armour, amphibious, 8 rings, camouflage 1, gelatinous body 1,
(nimble swimmer 1), tentacles, tentacle spike 1, strong-willed 1
a: Renounce Religion, Potion Petition, Call Merchant, Bribe Branch


You were on level 10 of the Dungeon.
You worshipped Gozag.
Gozag was most pleased with you.
You visited 1 branch of the dungeon, and saw 10 of its levels.

You collected 1609 gold pieces.

Inventory:

Hand Weapons
 c - a +1 dagger of protection
 d - a +2 trident of protection
 k - a +1 short sword of electrocution (weapon)
 u - the +7 hand axe "Nekov" {vorpal, Str+4}
   (You found it on level 8 of the Dungeon)

   It inflicts extra damage upon your enemies.
   Str:       It affects your strength (+4).
Missiles
 g - 56 poisoned darts
Armour
 s - a +2 hat (worn)
 t - a +1 buckler of protection (worn)
Wands
 i - a wand of polymorph (1)
 m - a wand of flame (7)
 p - a wand of digging (11)
 q - a wand of iceblast (5)
Scrolls
 a - a scroll of fog
 e - 3 scrolls of amnesia
 j - a scroll of magic mapping
 l - a scroll of holy word
 r - 5 scrolls of identify
Potions
 f - 2 potions of ambrosia
 h - a potion of might
 n - a potion of attraction
 o - a potion of curing


   Skills:
 * Level 3.7 Fighting
 - Level 5.0 Short Blades
 - Level 0.1 Polearms
 - Level 2.2 Dodging
 - Level 3.5 Stealth
 * Level 3.9 Shields
 + Level 1.1 Unarmed Combat
 - Level 5.4 Spellcasting
 - Level 6.2 Conjurations
 - Level 2.6 Transmutations
 - Level 5.4 Air Magic
 - Level 5.1 Earth Magic
 - Level 7.8 Poison Magic
 - Level 0.8 Evocations


You had 8 spell levels left.
You knew the following spells:

 Your Spells              Type           Power      Damage    Failure   Level
a - Sting                 Tmut/Pois      100%       1d8       1%          1
b - Mephitic Cloud        Conj/Pois/Air  31%        N/A       2%          3
c - Stone Arrow           Conj/Erth      56%        3d10      3%          3
d - Olgreb's Toxic Radia  Pois           36%        N/A       4%          4

Your spell library contained the following spells:

 Spells                   Type           Power      Damage    Failure   Level
 Poisonous Vapours        Pois/Air       64%        N/A       1%          2
 Wereblood                Tmut           16%        N/A       5%          2
 Animate Skeleton         Necr           10%        N/A       11%         1
 Pain                     Necr           20%        1d5       11%         1
 Slow                     Hex            5%         N/A       17%         2
 Sublimation of Blood     Necr           2%         N/A       17%         2
 Confusing Touch          Hex            5%         N/A       32%         3
 Vampiric Draining        Necr           2%         2d6       32%         3
 Yara's Violent Unravell  Hex/Tmut       5%         3d4       87%         5
 Summon Hydra             Summ           2%         N/A       100%        7
 Lehudib's Crystal Spear  Conj/Erth      14%        10d5      100%        8
 Animate Armour           Summ/Erth      Unusable   N/A       N/A         4

Dungeon Overview and Level Annotations

Branches:
Dungeon (11/15)            Temple (0/1) D:7
   Lair: D:8-11         Orc: D:9-12

Altars:
Ashenzari
Cheibriados
Dithmenos
Fedhas
Gozag
Hepliaklqana
Nemelex Xobeh
Okawaru
Qazlal
Ru
Uskayaw
Yredelemnul
Zin
Beogh

Shops:
D:5 *

Annotations:
D:11 Fannar


Innate Abilities, Weirdness & Mutations

You cannot wear most types of armour.
You are amphibious.
You can wear up to eight rings at the same time.
Your skin changes colour to match your surroundings (Stealth+).
Your rubbery body absorbs attacks. (AC +1, EV +1)
((You are camouflaged near water. (Stealth+)))
You have tentacles for arms and can constrict up to eight enemies at once.
One of your tentacles bears a spike.
You are strong-willed. (Will+)


Message History

The stinking cloud engulfs the troll but does no damage.
The stinking cloud engulfs you but does no damage.
You are engulfed in noxious fumes.
You choke on the stench!
You are confused.
The troll is engulfed in noxious fumes.
The troll appears confused.
Unknown command.
Unknown command.
Unknown command.
You bump into the rock wall.
You are engulfed in noxious fumes.
You choke on the stench!
You are more confused.
The troll is engulfed in noxious fumes.
The troll appears confused.
A steam dragon comes into view.
Your magical contamination has completely faded away.
Unknown command.
The steam dragon breathes steam at you. The ball of steam misses you.
You are too confused!
Unknown command.
You are engulfed in a cloud of scalding steam.
You are engulfed in a cloud of scalding steam.
* * * LOW HITPOINT WARNING * * *
You feel less confused. The steam dragon bites you.
* * * LOW HITPOINT WARNING * * *
The steam dragon claws you but does no damage.
Casting: Mephitic Cloud (dangerous; 2% risk of failure)
Confirm with . or Enter, or press ? or * to list all spells.
Aiming: Mephitic Cloud (dangerous; 2% risk of failure)
Press: ? - help, Shift-Dir - straight line, f/p - troll
Aim: a troll (confused, chance to affect: 67%)
Okay, then.
You feel better.
You are engulfed in a cloud of scalding steam.
* * * LOW HITPOINT WARNING * * *
The troll laughs at nothing.
The steam dragon breathes steam at you. The ball of steam hits you!
You die...
Your body crumbles into a pile of gold.

##### ## # #####.#°### .#
.# ###........§###.#..#
#.....###.T°.@§..#####
####..###.####.§§D.$....#
#...##.#### ######......
.####### ..... ## #... ##


You could see a troll (confused) and a steam dragon (catching breath).

Vanquished Creatures
  A cyclops (D:7)
  The ghost of Malachi the Insei, a novice DsTm (D:6)
  A komodo dragon (D:10)
  Sigmund (D:6)
  4 yaks
  A wyvern (D:10)
  A basilisk (D:10)
  Edmund (D:6)
  5 orc warriors
  2 ogres
  A sky beast (D:7)
  A wolf (D:10)
  A tengu (D:7)
  A black bear (D:5)
  A necrophage (D:7)
  A centaur (D:8)
  4 phantoms
  Blork the orc (D:6)
  2 bullfrogs (D:8)
  A wyvern zombie (D:8)
  4 scorpions
  5 killer bees
  3 electric eels
  A jelly (D:7)
  4 howler monkeys
  5 orc priests
  A centaur skeleton (D:7)
  Crazy Yiuf (D:3)
  A gnoll shaman (D:7)
  2 hounds
  A bullfrog skeleton (D:6)
  6 orc wizards
  4 iguanas
  Terence (D:3)
  2 killer bee zombies
  A hound skeleton (D:4)
  A hound zombie (D:5)
  2 howler monkey zombies (D:7)
  8 gnolls
  6 adders
  2 shadow imps (D:6)
  2 ufetubi
  4 worms (D:2)
  6 dart slugs
  31 orcs
  5 endoplasms
  7 giant cockroaches
  5 goblins
  4 hobgoblins
  11 jackals
  2 quokkas
  8 ball pythons
  4 bats
  2 frilled lizards
  6 kobolds
  6 rats
196 creatures vanquished.

Vanquished Creatures (others)
  A jackal skeleton (D:6)
1 creature vanquished.

Grand Total: 197 creatures vanquished

Notes
Turn   | Place    | Note
-------+----------+-------------------------------------------
     0 | D:1      | Malachi the Octopode Venom Mage began the quest for the
                  | Orb.
     0 | D:1      | Reached XP level 1. HP: 11/11 MP: 3/3
   337 | D:1      | Found a faded altar of an unknown god.
   343 | D:1      | Reached skill level 4 in Poison Magic
   343 | D:1      | Reached XP level 2. HP: 14/17 MP: 1/5
  1097 | D:1      | Reached XP level 3. HP: 21/21 MP: 4/6
  1371 | D:1      | Became a worshipper of Gozag Ym Sagoz the Greedy
  1590 | D:2      | Learned a level 3 spell: Mephitic Cloud
  1978 | D:2      | Reached XP level 4. HP: 27/27 MP: 5/7
  3151 | D:3      | Noticed Terence
  3169 | D:3      | Killed Terence
  3170 | D:3      | Reached skill level 5 in Poison Magic
  3170 | D:3      | Reached XP level 5. HP: 19/31 MP: 4/9
  3373 | D:3      | Found an iron altar of Okawaru.
  3662 | D:3      | Found a hide-covered altar of Uskayaw.
  3936 | D:3      | Found a stormy altar of Qazlal.
  4031 | D:3      | Found a runed translucent door.
  4032 | D:3      | Noticed Crazy Yiuf
  4230 | D:3      | Paralysed by you for 7 turns
  4237 | D:3      | Killed Crazy Yiuf
  4238 | D:3      | Reached XP level 6. HP: 7/36 MP: 3/10
  4709 | D:3      | Reached skill level 1 in Conjurations
  4709 | D:3      | Reached skill level 1 in Air Magic
  5101 | D:4      | Learned a level 3 spell: Stone Arrow
  5216 | D:4      | Reached XP level 7. HP: 18/41 MP: 7/13
  5838 | D:4      | Reached skill level 1 in Earth Magic
  6309 | D:5      | Entered Level 5 of the Dungeon
  6585 | D:5      | Reached skill level 1 in Short Blades
  6589 | D:5      | HP: 2/41 [poisoned by a scorpion]
  6982 | D:5      | Reached XP level 8. HP: 45/46 MP: 6/14
  7184 | D:5      | Found the +3 robe of Clouds {+Thunder rCloud rElec}
  7348 | D:5      | Noticed a hornet
  7401 | D:5      | Found a shadowy altar of Dithmenos.
  7467 | D:5      | Found a blossoming altar of Fedhas.
  7697 | D:5      | Found Gozag's Platinum Reserve.
  7699 | D:5      | Found an opulent altar of Gozag.
  7858 | D:5      | Gained mutation: Your spells are a little easier to cast,
                  | but a little less powerful. [potion of mutation]
  7858 | D:5      | Gained mutation: You are partially covered in iridescent
                  | scales. (AC +2) [potion of mutation]
  8139 | D:6      | Found a snail-covered altar of Cheibriados.
  8350 | D:6      | Found a runed translucent door.
  8361 | D:6      | Found a basalt altar of Yredelemnul.
  8895 | D:6      | Found a broken altar of Ashenzari.
  8898 | D:6      | Noticed Sigmund
  8930 | D:6      | Noticed Blork the orc
  8944 | D:6      | Killed Blork the orc
  9055 | D:6      | Killed Sigmund
  9056 | D:6      | Reached XP level 9. HP: 37/51 MP: 13/15
  9174 | D:6      | Noticed Edmund
  9193 | D:6      | Killed Edmund
  9194 | D:6      | Reached skill level 5 in Conjurations
  9290 | D:6      | Found a runed translucent gate.
  9290 | D:6      | Found a runed translucent gate.
  9300 | D:6      | Found a runed translucent gate.
  9303 | D:6      | Noticed Malachi's ghost (novice DsTm)
  9305 | D:6      | Identified the +3 chain mail of Sorcery {rF- Dex+10 Slay+4}
  9344 | D:6      | Found a sacrificial altar of Ru.
  9838 | D:6      | Killed Malachi's ghost
  9839 | D:6      | Reached skill level 5 in Air Magic
 10162 | D:6      | Reached skill level 5 in Earth Magic
 10207 | D:6      | Identified the +0 pair of boots of Idoak {+Blink Fly rPois
                  | Will-}
 10924 | D:7      | Reached skill level 5 in Short Blades
 11135 | D:7      | Found a staircase to the Ecumenical Temple.
 11158 | D:7      | Reached skill level 6 in Poison Magic
 11389 | D:7      | Found a hazy altar of Hepliaklqana.
 11491 | D:7      | Reached XP level 10. HP: 51/56 MP: 3/17
 11503 | D:7      | Learned a level 4 spell: Olgreb's Toxic Radiance
 12045 | D:7      | Reached skill level 7 in Poison Magic
 12147 | D:7      | Noticed a cyclops
 12154 | D:7      | Killed a cyclops
 12155 | D:7      | Reached skill level 5 in Spellcasting
 12300 | D:7      | Identified a scroll of acquirement
 12300 | D:7      | Acquired a +1 buckler of protection
 12317 | D:8      | Found a glowing silver altar of Zin.
 12332 | D:8      | Identified the +7 hand axe "Nekov" {vorpal, Str+4}
 12602 | D:8      | Reached skill level 1 in Fighting
 12602 | D:8      | Reached skill level 1 in Shields
 12857 | D:8      | Lost mutation: You are partially covered in iridescent
                  | scales. (AC +2) [potion of mutation]
 12857 | D:8      | Lost mutation: Your spells are a little easier to cast, but
                  | a little less powerful. [potion of mutation]
 12857 | D:8      | Gained mutation: One of your tentacles bears a spike.
                  | [potion of mutation]
 12857 | D:8      | Gained mutation: You are strong-willed. (Will+) [potion of
                  | mutation]
 13371 | D:8      | Found a sparkling altar of Nemelex Xobeh.
 13386 | D:8      | You fall into a shaft and drop 3 floors!
 13387 | D:11     | Noticed Fannar
 13396 | D:10     | Entered Level 10 of the Dungeon
 13782 | D:10     | Reached skill level 1 in Unarmed Combat
 14016 | D:10     | Killed from afar by a steam dragon

Illustrated notes

Levels and vault maps discovered:
D:1:      sevenhm_arrival_forest_fort_large_2, layout_rooms,
          hellmonk_ecumenical_altar_arch_garden, amcnicky_mini_corridor_feature
D:2:      wander_river, layout_basic
D:3:      layout_basic, nicolae_qazlal_eye_of_the_storm,
          okawaru_ov_weapons_minmay, mainiacjoe_overflow_concentric_impassable,
          small_statue_intersection, uniq_crazy_yiuf_cottage, uniq_terence
D:4:      layout_layer_cave
D:5:      layout_basic, grunt_dithmenos_shadows, mainiacjoe_overflow_alcove_4,
          nicolae_gozag_zags_fifth_avenue, minivault_1, lightli_corner_chamber
D:6:      layout_cave_pools, mainiacjoe_overflow_surrounded_room,
          kennysheep_slug_shrine, nicolae_ashenzari_panopticon,
          dk_yredelemnul_ordeal, biasface_ghost_orc_armoury,
          nicolae_lava_and_water, uniq_edmund, uniq_sigmund, uniq_blork_the_orc
D:7:      layout_cave_pools, mainiacjoe_overflow_alcove_1,
          minmay_temple_entry_proselytizer, nrook_pool_corridor,
          minmay_small_thing
D:8:      kennysheep_spiral_hall, layout_loops_cross,
          mainiacjoe_overflow_small_starburst, zin_treasury,
          mainiacjoe_overflow_tiny_flanked, serial_aquarium,
          aquarium_bridge_straight [aquarium_subvault_bridge,
          aquarium_subvault_wall, aquarium_subvault_bridge,
          aquarium_subvault_window], aquarium_bridge_square
          [aquarium_subvault_bridge, aquarium_subvault_balcony,
          aquarium_subvault_bridge, aquarium_subvault_window],
          aquarium_window_corridor_1, aquarium_window_1, aquarium_view_2c,
          aquarium_view_2d, aquarium_balcony_3a
D:10:     layout_small_grid, overflow_temple_1_default, erik_lair_dragon
D:11:     layout_loops_ring, grunt_decor_cap, hex_large, uniq_erica, uniq_grum,
          uniq_josephine, uniq_fannar

Skill      XL: |  1  2  3  4  5  6  7  8  9 10 |
---------------+-------------------------------+-----
Poison Magic   | 4 5 6 7 |  7.8
Stealth        | 3 |  3.5
Transmutations | 2 |  2.6
Spellcasting   | 3 4 5 |  5.4
Conjurations   | 2 3 4 6 |  6.2
Air Magic      | 2 3 4 5 |  5.4
Earth Magic    | 2 4 5 |  5.1
Short Blades   | 1 3 5 |  5.0
Fighting       | 3 |  3.7
Shields        | 3 |  3.9
Unarmed Combat | 1 |  1.1
Polearms       | |  0.1
Dodging        | |  2.2
Evocations     | |  0.8

Action                   |  1- 3 |  4- 6 |  7- 9 | 10-12 || total
-------------------------+-------+-------+-------+-------++-------
Melee: Unarmed           |     9 |       |     6 |       ||    15
       Dagger            |    16 |    22 |    11 |       ||    49
       Constrict         |     6 |     5 |    27 |    11 ||    49
       Tentacles         |     4 |     2 |    14 |    10 ||    30
       Trident           |       |     4 |       |       ||     4
       Short sword       |       |       |    99 |    45 ||   144
       Kick              |       |       |       |     5 ||     5
 Cast: Sting             |    58 |    67 |   158 |    56 ||   339
       Mephitic Cloud    |       |     6 |    22 |    12 ||    40
       Stone Arrow       |       |       |    21 |     9 ||    30
       Olgreb's Toxic Ra |       |       |       |     3 ||     3
Evoke: Wand              |       |     3 |     5 |     1 ||     9
  Use: Scroll            |     3 |     4 |    10 |     2 ||    19
       Potion            |       |     1 |     4 |     5 ||    10
 Stab: Sleeping          |     3 |     5 |     8 |     1 ||    17
       Paralysed         |       |     4 |       |       ||     4
       Confused          |       |       |     2 |     4 ||     6
Armor: Skin              |     9 |     4 |    39 |    12 ||    64
Dodge: Dodged            |    41 |    30 |   123 |    42 ||   236
Block: Buckler           |       |       |       |    14 ||    14
